 Dungeon Crawl Stone Soup version 0.28-a0-984-g3775c662fe (webtiles) character file.

Game seed: 3895715509222108283

19 Dvallin the Skirmisher (level 2, -6/19 HPs)
             Began as a Kobold Fighter on Dec 4, 2021.
             Mangled by a worm (9 damage)
             ... on level 2 of the Dungeon.
             The game lasted 00:00:41 (1430 turns).

Dvallin the Skirmisher (Kobold Fighter)             Turns: 1430, Time: 00:00:41

Health: -6/19      AC:  6    Str: 13    XL:     2   Next: 95%
Magic:  2/2        EV: 10    Int:  9    God:
Gold:   56         SH:  5    Dex: 14    Spells: 1/1 levels left

rFire   . . .      SeeInvis .   a - +0 rapier
rCold   . . .      Faith    .   c - +0 buckler
rNeg    . . .      Spirit   .   b - +0 scale mail
rPois   .          Reflect  .   (no helmet)
rElec   .          Harm     .   (no cloak)
rCorr   .          Rampage  .   (no gloves)
Will    .....                   (no boots)
Stlth   +.........              (no amulet)
HPRegen 0.06/turn               (no ring)
MPRegen 0.08/turn               (no ring)

@: no status effects
A: small, no large weapons, nightstalker 3
a: no special abilities


You were on level 2 of the Dungeon.
You visited 1 branch of the dungeon, and saw 2 of its levels.

You collected 56 gold pieces.

Inventory:

Hand Weapons
 a - a +0 rapier (weapon)
Armour
 b - a +0 scale mail (worn)
 c - a +0 buckler (worn)
Jewellery
 e - a ring of see invisible
Scrolls
 g - a scroll of vulnerability {unknown}
Potions
 d - a potion of might
 f - a potion of haste {unknown}
 h - a potion of heal wounds {unknown}


   Skills:
 + Level 3.5 Fighting
 * Level 3.4 Short Blades
 - Level 2.4 Armour
 * Level 2.7 Shields


You had one spell level left.
You didn't know any spells.
Your spell library was empty.

Dungeon Overview and Level Annotations

Branches:
Dungeon (2/15)

Altars:


Innate Abilities, Weirdness & Mutations

You are small and have problems with some larger weapons.
You are completely attuned to the shadows.


Message History

You hit the adder.
The adder is almost dead.
You block the adder's attack.
You closely miss the adder.
The adder is almost dead.
The adder closely misses you.
You hit the adder.
You kill the adder!
No target in view!
No target in view!
HP restored.
You now have 56 gold pieces (gained 15).
You see here an adder corpse.
h - a green potion A rat comes into view.
A rat is nearby!
The rat completely misses you.
You hit the rat.
You kill the rat!
No target in view!
No target in view!
You see here a rat corpse.
A worm comes into view.
A worm is nearby!
The worm bites you!
You hit the worm.
The worm is lightly wounded.
The worm bites you.
You are too injured to fight recklessly!
You are too injured to fight recklessly!
You are too injured to fight recklessly!
You are too injured to fight recklessly!
You are too injured to fight recklessly!
You hit the worm but do no damage. You barely miss the worm.
The worm bites you.
* * * LOW HITPOINT WARNING * * *
You puncture the worm!
The worm is heavily wounded.
The worm bites you!
You die...

..########
...w@....#
#.######.#
###.#
#...#
#.###
####.###
.....†.#
.###.#.#
##.#.#


You could see a worm.

Vanquished Creatures
  An adder (D:2)
  2 endoplasms (D:1)
  A giant cockroach (D:1)
  2 hobgoblins (D:1)
  A quokka (D:1)
  2 bats (D:1)
  A rat (D:2)
10 creatures vanquished.

Notes
Turn   | Place    | Note
-------+----------+-------------------------------------------
     0 | D:1      | Dvallin the Kobold Fighter began the quest for the Orb.
     0 | D:1      | Reached XP level 1. HP: 14/14 MP: 1/1
   306 | D:1      | Reached XP level 2. HP: 18/19 MP: 2/2
  1430 | D:2      | Mangled by a worm

Illustrated notes

Levels and vault maps discovered:
D:1:      dpeg_arrival_simpleton_a, layout_basic
D:2:      layout_loops_corners

Skill      XL: |  1 |
---------------+----+-----
Short Blades   | 3 |  3.4
Fighting       | |  3.5
Armour         | |  2.4
Shields        | |  2.7

Action                   || total
-------------------------++-------
Melee: Rapier            ||    41
Armor: Scale mail        ||    16
Dodge: Dodged            ||    17
Block: Buckler           ||     7

Table legend: (Time is in decaauts)
 A = Elapsed time spent in this place.
 B = Non-inter-level travel time spent in this place.
 C = Inter-level travel time spent in this place.
 D = Time resting spent in this place.
 E = Time spent auto-exploring this place.
 F = Levels seen in this place.
 G = Mean time per level.
                   A        B        C        D        E       F      G
               +--------+--------+--------+--------+--------+-----+--------+
         Total |   1433 |   1404 |     29 |      0 |   1314 |   2 |  716.5 |
       Dungeon |   1433 |   1404 |     29 |      0 |   1314 |   2 |  716.5 |
               +--------+--------+--------+--------+--------+-----+--------+

Top non-repeatable levels by time:
     D:1: 1293 daAuts
     D:2: 139 daAuts
